 Dungeon Crawl Stone Soup version 0.17-a0-1301-ga863c44 (webtiles) character file.

7480 OTRawrior the Destroyer (level 11, -5/63 HPs)
             Began as a Gargoyle Wizard on June 6, 2015.
             Was an Elder of Vehumet.
             Slain by a shadow (27 damage)
             ... on level 11 of the Dungeon on June 7, 2015.
             The game lasted 00:59:33 (10943 turns).

OTRawrior the Destroyer (Gargoyle Wizard)          Turns: 10943, Time: 00:59:33

Health: -5/63      AC: 17    Str: 11    XL:     11   Next: 15%
Magic:  27/30      EV: 12    Int: 22    God:    Vehumet [****..]
Gold:   273        SH:  0    Dex:  8    Spells: 5 memorised, 13 levels left

rFire  . . .     SeeInvis .     a - +3 quarterstaff (chaos)
rCold  + . .     Clarity  .     S - +0 robe {rC+}
rNeg   + . .     SustAt   .     (no shield)
rPois  ∞         Gourm    .     z - +0 helmet
rElec  +         Spirit   .     r - +0 cloak
rCorr  .         Warding  .     (no gloves)
rMut   .         Stasis   .     M - +0 pair of boots
MR     .....                    (no amulet)
Stlth  ++........               v - +4 ring of protection
                                h - ring of magical power

@: not resistant to hostile enchantments, unstealthy
A: negative energy resistance 1, electricity resistance, unbreathing,
petrification resistance, rot immunity, AC +7
a: Renounce Religion


You were on level 11 of the Dungeon.
You worshipped Vehumet.
Vehumet was greatly pleased with you.
You were not hungry.

You visited 1 branch of the dungeon, and saw 11 of its levels.

You collected 497 gold pieces.
You spent 224 gold pieces at shops.

Inventory:

Hand weapons
 a - a +3 quarterstaff of chaos (weapon)
Armour
 r - a +0 cloak (worn)
 w - a +3 leather armour
 z - a +0 helmet (worn)
 M - a +0 pair of boots (worn)
 P - a +0 buckler
 S - a +0 robe of cold resistance (worn)
 U - a +1 buckler of reflection
Jewellery
 h - a ring of magical power (left hand)
 v - a +4 ring of protection (right hand)
 y - a +3 ring of slaying
 T - an uncursed ring of wizardry
 Y - an uncursed ring of sustain attributes
Magical devices
 q - a wand of disintegration (8)
 F - a wand of magic darts (44)
 K - a wand of random effects (7)
 O - a wand of cold (6)
 R - a wand of slowing (31)
 W - a wand of heal wounds (3)
 Z - a wand of teleportation (0)
Scrolls
 b - 4 scrolls of teleportation {unknown}
 e - 5 scrolls of identify
 i - 5 scrolls of remove curse {unknown}
 j - 3 scrolls of recharging {unknown}
 m - 2 scrolls of enchant weapon {unknown}
 p - a scroll of magic mapping {unknown}
 C - 2 scrolls of blinking {unknown}
 E - 3 scrolls of fog {unknown}
 L - a scroll of random uselessness {unknown}
 V - a scroll of noise {unknown}
Potions
 f - 3 potions of curing
 g - a potion of flight {unknown}
 o - 2 potions of cure mutation {unknown}
 s - 2 potions of ambrosia {unknown}
 t - 3 potions of agility {unknown}
 u - a potion of might {unknown}
 B - 2 potions of degeneration {unknown}
 D - 3 potions of brilliance {unknown}
 G - a potion of mutation {unknown}
 I - 2 potions of lignification {unknown}
 J - 2 potions of heal wounds {unknown}
 N - a potion of poison {unknown}
 Q - a potion of magic {unknown}
Books
 c - a book of Minor Magic

   Spells                             Type                      Level
   a - Magic Dart                     Conjuration                  1
   b - Blink                          Translocation                2
   c - Call Imp                       Summoning                    2
   d - Repel Missiles                 Charms/Air                   2
   e - Slow                           Hexes                        2
   f - Conjure Flame                  Conjuration/Fire             3
   g - Mephitic Cloud                 Conjuration/Poison/Air       3
 A - a Young Poisoner's Handbook

   Spells                             Type                      Level
   a - Sting                          Conjuration/Poison           1
   b - Cure Poison                    Poison                       2
   c - Mephitic Cloud                 Conjuration/Poison/Air       3
   d - Olgreb's Toxic Radiance        Poison                       4
   e - Venom Bolt                     Conjuration/Poison           5
 H - a book of Spatial Translocations

   Spells                             Type                      Level
   a - Apportation                    Translocation                1
   b - Blink                          Translocation                2
   c - Shroud of Golubria             Charms/Translocation         2
   d - Portal Projectile              Translocation                3
   e - Teleport Other                 Translocation                3
   f - Passage of Golubria            Translocation                4
Comestibles
 d - 6 bread rations
 k - 9 meat rations
 l - 13 fruits
 n - 5 beef jerkies
 x - 2 slices of pizza
 X - 2 chunks of flesh


   Skills:
 + Level 5.0 Fighting
 + Level 4.6 Staves
 + Level 4.7 Armour
 + Level 4.1 Dodging
 - Level 2.1 Stealth
 + Level 3.4 Shields
 + Level 6.6 Spellcasting
 + Level 8.1 Conjurations
   Level 0.8 Summonings
 - Level 0.8 Translocations
 * Level 6.6 Fire Magic
 * Level 5.3 Air Magic


You had 13 spell levels left.
You knew the following spells:

 Your Spells              Type           Power        Failure   Level  Hunger
a - Magic Dart            Conj           ####         1%          1    None
b - Mephitic Cloud        Conj/Pois/Air  ####....     1%          3    #......
c - Conjure Flame         Conj/Fire      #####...     1%          3    #......
A - Repel Missiles        Chrm/Air       ###...       6%          2    None
D - Apportation           Tloc           ##........   8%          1    None


Dungeon Overview and Level Annotations

Branches:
Dungeon (11/15)            Temple (0/1) D:7            Lair (0/8) D:9
    Orc (0/4) D:10

Altars:
Fedhas
Gozag
Vehumet

Shops:
D:9 [


Innate Abilities, Weirdness & Mutations

You are resistant to torment.
Your stone body is resilient (AC +7).
You are immune to poison.
You resist negative energy.
You are resistant to electric shocks.
You can survive without breathing.
You are immune to petrification.
You are immune to rotting.


Message History

The shadow is severely damaged.
The shadow hits you. The shadow closely misses you.
Casting: Magic Dart
Confirm with . or Enter, or press ? or * to list all spells.
Aiming: Magic Dart
Press: ? - help, Shift-Dir - straight line, f/p - shadow
Aim: a shadow (severely damaged, fast)
The magic dart hits the shadow.
The shadow is almost destroyed.
The shadow slips into darkness.
The shadow flickers and vanishes!
Deactivating autopickup; reactivate with Ctrl-A.
Casting: Magic Dart
Confirm with . or Enter, or press ? or * to list all spells.
Aiming: Magic Dart
Press: ? - help, Shift-Dir - straight line, f - hippogriff
Aim: a hippogriff The magic dart hits something.
The shadow strikes at you from the darkness!
You die...

♣♣♣♣♣♣ ♣♣♣....♣♣
♣♣♣..♣♣♣..♣♣♣♣♣♣
♣♣♣..♣♣♣
♣)....... ♣@.♣♣♣
♣♣..)♣♣♣♣ ♣{♣♣♣
♣♣♣♣...♣ ♣H♣
♣♣...†.♣♣ ♣Y
♣♣.♣♣♣♣....♣ Y
♣.♣♣ ♣♣♣♣... ..
♣.♣♣ .. (. ♣..♣♣
♣ ... ♣♣♣.♣
♣♣.♣♣♣


You could see a yak, a hippogriff and an ice beast.

Vanquished Creatures
  A skeletal warrior (D:11)
  2 two-headed ogres (D:10)
  A trapdoor spider zombie (D:5)
  A wyvern (D:8)
  Sigmund (D:4)
  A deep elf mage (D:10)
  4 hungry ghosts
  4 yaks (D:10)
  3 wargs (D:10)
  3 sky beasts
  2 soldier ants
  A black bear (D:9)
  3 orc warriors
  3 phantoms
  3 ice beasts
  2 centaurs
  2 ogres
  5 big kobolds
  A crocodile (D:11)
  6 giant frogs
  2 wyvern skeletons
  2 scorpions
  2 killer bees
  14 wights
  3 crimson imps
  3 hounds
  A centaur skeleton (D:4)
  A gnoll shaman (D:7)
  A jelly (D:11)
  Crazy Yiuf (D:2)
  4 orc priests
  2 giant frog skeletons
  2 iguanas
  4 orc wizards
  8 worker ants
  A hound zombie (D:5)
  Robin (D:3)
  2 worker ant zombies
  19 gnolls
  8 adders
  5 shadow imps
  An ooze (D:3)
  An adder skeleton (D:6)
  A worm (D:3)
  32 orcs
  2 ball pythons (D:2)
  15 bats
  2 bat zombies
  3 giant cockroaches
  14 hobgoblins
  7 jackals
  30 kobolds
  6 quokkas
  4 giant geckos
  2 giant newts
  21 goblins
  A jackal skeleton (D:4)
  A quokka skeleton (D:6)
  A quokka zombie (D:4)
  16 rats
295 creatures vanquished.

Notes
Turn   | Place    | Note
--------------------------------------------------------------
     0 | D:1      | OTRawrior the Gargoyle Wizard began the quest for the Orb.
     0 | D:1      | Reached XP level 1. HP: 10/10 MP: 4/4
   383 | D:1      | Reached XP level 2. HP: 15/15 MP: 6/6
   752 | D:1      | Noticed a dwarf
   752 | D:1      | Noticed a felid
   754 | D:1      | Noticed a human
   754 | D:1      | Noticed an ogre
   756 | D:1      | Noticed a vine stalker
   758 | D:1      | Noticed a demigod
   758 | D:1      | Noticed an octopode
   762 | D:1      | Noticed a spriggan
   762 | D:1      | Noticed an elf
   764 | D:1      | Noticed a draconian
   764 | D:1      | Noticed a vampire
   766 | D:1      | Noticed a troll
   766 | D:1      | Noticed a gargoyle
   768 | D:1      | Noticed a merfolk
   768 | D:1      | Noticed a ghoul
   770 | D:1      | Noticed a centaur
   770 | D:1      | Noticed a tengu
   772 | D:1      | Noticed a formicid
   774 | D:1      | Noticed a minotaur
   774 | D:1      | Noticed a naga
   776 | D:1      | Noticed a demonspawn
  1238 | D:2      | Reached XP level 3. HP: 19/19 MP: 8/8
  1244 | D:2      | Learned a level 3 spell: Mephitic Cloud
  1248 | D:2      | Learned a level 3 spell: Conjure Flame
  1251 | D:2      | Learned a level 2 spell: Repel Missiles
  1282 | D:2      | Found a blossoming altar of Fedhas.
  1424 | D:2      | Noticed Crazy Yiuf
  1443 | D:2      | Killed Crazy Yiuf
  1443 | D:2      | Reached XP level 4. HP: 10/24 MP: 1/9
  2064 | D:3      | Noticed Robin
  2097 | D:3      | Killed Robin
  2097 | D:3      | Reached skill level 4 in Spellcasting
  2433 | D:3      | Reached XP level 5. HP: 28/28 MP: 11/11
  2672 | D:4      | Noticed Sigmund
  2989 | D:4      | Reached XP level 6. HP: 32/32 MP: 12/12
  3023 | D:4      | Reached skill level 5 in Conjurations
  3372 | D:4      | Killed Sigmund
  3372 | D:4      | Reached skill level 5 in Spellcasting
  3372 | D:4      | Reached XP level 7. HP: 36/36 MP: 10/14
  3521 | D:4      | Reached skill level 6 in Conjurations
  3978 | D:5      | Entered Level 5 of the Dungeon
  4111 | D:5      | Noticed a trapdoor spider zombie
  4120 | D:5      | Killed a trapdoor spider zombie
  4120 | D:5      | Reached skill level 1 in Armour
  4120 | D:5      | Reached skill level 1 in Fire Magic
  4253 | D:5      | Reached skill level 1 in Staves
  4253 | D:5      | Reached skill level 1 in Air Magic
  4402 | D:5      | Reached skill level 1 in Fighting
  4402 | D:5      | Reached XP level 8. HP: 35/43 MP: 15/15
  4949 | D:5      | Found an opulent altar of Gozag.
  4949 | D:5      | Found a radiant altar of Vehumet.
  4958 | D:5      | Became a worshipper of Vehumet
  5665 | D:6      | Acquired Vehumet's first power
  5665 | D:6      | Offered knowledge of Freeze by Vehumet.
  5713 | D:6      | Learned a level 1 spell: Apportation
  6247 | D:7      | Reached XP level 9. HP: 49/49 MP: 17/17
  6282 | D:7      | Reached skill level 7 in Conjurations
  6532 | D:7      | Found a staircase to the Ecumenical Temple.
  7048 | D:7      | Offered knowledge of Shock by Vehumet.
  8155 | D:8      | Offered knowledge of Searing Ray by Vehumet.
  8226 | D:8      | Reached skill level 1 in Shields
  8663 | D:9      | Reached XP level 10. HP: 46/56 MP: 17/19
  8747 | D:9      | Acquired Vehumet's second power
  8894 | D:9      | Found Gutoptat's Antique Armour Shoppe.
  8915 | D:9      | Bought a fine robe for 125 gold pieces
  8915 | D:9      | Bought a glowing buckler for 99 gold pieces
  8915 | D:9      | Identified the cursed +0 robe "Feufadinan" {rPois rF++ Slay+2 Stlth-} (You bought it in a shop on level 9 of the Dungeon)
  8917 | D:9      | Upgraded the game from 0.17-a0-1262-gd250d98 to 0.17-a0-1301-ga863c44
  8981 | D:9      | Reached skill level 5 in Fire Magic
  8997 | D:9      | Found a staircase to the Lair.
  9254 | D:10     | Entered Level 10 of the Dungeon
  9285 | D:10     | Offered knowledge of Static Discharge by Vehumet.
  9790 | D:10     | Acquired Vehumet's third power
 10098 | D:10     | Offered knowledge of Throw Icicle by Vehumet.
 10147 | D:10     | Found a staircase to the Orcish Mines.
 10333 | D:10     | Reached skill level 5 in Air Magic
 10582 | D:11     | Reached XP level 11. HP: 51/62 MP: 19/20
 10588 | D:11     | Noticed a skeletal warrior
 10602 | D:11     | Killed a skeletal warrior
 10602 | D:11     | Reached skill level 5 in Fighting
 10602 | D:11     | Reached skill level 8 in Conjurations
 10943 | D:11     | Slain by a shadow

Vault maps used:
D:1:      kb_arrival_jail, st_stairs_10, minmay_misc_feat_more_columns
D:2:      fedhas_altar_fruit_tree, first_bread, st_stairs_13,
          hangedman_decor_riveting, uniq_crazy_yiuf_cottage
D:3:      minmay_tree_intersection, uniq_robin
D:4:      uniq_sigmund
D:5:      amethyst_overflow_temple_binary
D:7:      kennysheep_six_static_rooms, minmay_temple_entry_overgrown
D:9:      lair_0_dummy, serial_shops, shop
D:10:     minmay_orc_entry_guard_dogs, nooodl_food_tri
D:11:     forest_paths, serial_shops, shop, shop_fountains

Action                   |  1- 3 |  4- 6 |  7- 9 | 10-12 || total
-------------------------+-------+-------+-------+-------++-------
Melee: Unarmed           |    40 |       |       |       ||    40
       Quarterstaff      |       |    88 |   184 |   218 ||   490
 Cast: Magic Dart        |    73 |    71 |   308 |   248 ||   700
       Conjure Flame     |     3 |     8 |     7 |     5 ||    23
       Mephitic Cloud    |     2 |     8 |     9 |    18 ||    37
       Repel Missiles    |       |       |     2 |       ||     2
  Use: Scroll            |     1 |       |       |     4 ||     5
       Potion            |       |     2 |       |     5 ||     7
 Stab: Confused          |     1 |     3 |     1 |     2 ||     7
       Petrifying        |       |       |     1 |       ||     1
       Paralysed         |       |       |       |     1 ||     1
  Eat: Chunk             |     1 |     7 |    17 |    10 ||    35
